 Dungeon Crawl Stone Soup version 0.30.1-4-g462c640d31 (webtiles) character file.

Game seed: 16709915976279665277

1185 arthad the Trooper (level 8, 0/53 HPs)
             Began as a Gargoyle Fighter on Aug 23, 2023.
             Was an Initiate of Cheibriados.
             Slain by a gnoll
             ... wielding a +0 whip
             ... led by a gnoll bouda
              (1 damage)
             ... on level 5 of the Dungeon.
             The game lasted 00:06:43 (3906 turns).

arthad the Trooper (Gargoyle Fighter)               Turns: 3906, Time: 00:06:44

Health: 0/53       AC: 14    Str: 21 (23) XL:     8   Next: 42%
Magic:  8/8        EV:  9    Int:  9 (10) God:    Cheibriados [......]
Gold:   182        SH:  4    Dex:  8 (10) Spells: 7/7 levels left

rFire   . . .        z - +9 flail
rCold   + . .        c - +0 buckler
rNeg    + . .        b - +0 scale mail
rPois   ∞            (no helmet)
rElec   +            (no cloak)
rCorr   .            v - +0 pair of gloves
SInv    .            (no boots)
Will    .....        (no amulet) Stlth
                     C - ring of protection from cold
HPRegen 0.28/turn    (no ring)
MPRegen 0.11/turn

%: no passive effects
@: mighty, brilliant, very slow
A: sickness immunity, AC +5, negative energy resistance 1, electricity
resistance, torment resistance 1, petrification resistance
a: Renounce Religion


You were on level 5 of the Dungeon.
You worshipped Cheibriados.
Cheibriados was noncommittal.
You visited 2 branches of the dungeon, and saw 6 of its levels.

You collected 215 gold pieces.
You spent 33 gold pieces at shops.

Inventory:

Hand Weapons
 a - a +0 flail
 m - a +1 whip of electrocution
 o - a +1 flail of holy wrath
 z - a +9 flail (weapon)
 B - a +2 whip of electrocution
Armour
 b - a +0 scale mail (worn)
 c - a +0 buckler (worn)
 v - a +0 pair of gloves (worn)
Jewellery
 C - a ring of protection from cold (left hand)
Wands
 t - a wand of iceblast (15)
 w - a wand of paralysis (5)
Scrolls
 f - a scroll of immolation
 j - 2 scrolls of blinking {unknown}
 l - 5 scrolls of identify {unknown}
 p - 2 scrolls of vulnerability {unknown}
 u - a scroll of brand weapon {unknown}
 x - 2 scrolls of magic mapping {unknown}
 y - 2 scrolls of noise {unknown}
 A - a scroll of poison {unknown}
Potions
 d - 2 potions of might
 h - 2 potions of attraction
 i - 2 potions of flight
 k - a potion of haste
 n - 2 potions of curing


   Skills:
 * Level 7.0 Fighting
 * Level 5.9 Maces & Flails
 + Level 5.5 Armour
 + Level 5.4 Shields


You had 7 spell levels left.
You didn't know any spells.
Your spell library was empty.

Dungeon Overview and Level Annotations

Branches:
Dungeon (5/15)             Temple (1/1) D:4

Altars:
Ashenzari
Cheibriados
Dithmenos
Elyvilon
Fedhas
Gozag
Hepliaklqana
Makhleb
Nemelex Xobeh
Qazlal
Sif Muna
Trog
Uskayaw
Vehumet
Yredelemnul
Zin
The Shining One

Shops:
D:1 [   D:4 ?

Annotations:
D:5 Blork the orc


Innate Abilities, Weirdness & Mutations

You are immune to sickness and miasma.
Your stone body is resilient. (AC +5)
You are immune to poison.
You resist negative energy. (rN+)
You are resistant to electric shocks. (rElec)
You are resistant to unholy torment.
You are immune to petrification.


Message History

You kill the gnoll bouda!
Cheibriados appreciates the change of pace.
You block the gnoll's attack. The gnoll barely misses you.
The gnoll hits you with a +0 flail!
* * * LOW HITPOINT WARNING * * *
The gnoll barely misses you. x2
Okay, then.
As you read the scroll of teleportation, it crumbles to dust.
You feel strangely unstable.
The gnoll hits you from afar with a +0 spear.
* * * LOW HITPOINT WARNING * * *
The gnoll hits you but does no damage. x3
The gnoll attacks as you move away! You block the gnoll's attack.
The gnoll attacks as you move away! The gnoll barely misses you.
The gnoll hits you but does no damage. The gnoll closely misses you.
You see here a +0 dagger.
The gnoll hits you but does no damage. You block the gnoll's attack.
The gnoll hits you but does no damage. The gnoll hits you with a +0 flail!
* * * LOW HITPOINT WARNING * * *
The gnoll closely misses you.
Your surroundings suddenly seem different.
The gnoll is no longer moving quickly.
Okay, then.
It was a potion of brilliance.
You feel clever all of a sudden.
It was a potion of magic.
Magic courses through your body.
Your attacks no longer feel as feeble.
The gnoll barely misses you.
It was a potion of degeneration.
There was something very wrong with that liquid.
You feel weakened.
You feel dopey.
You feel clumsy.
The gnoll is no longer moving quickly.
The gnoll hits you from afar with a +0 halberd.
* * * LOW HITPOINT WARNING * * *
You feel very mighty all of a sudden. You block the gnoll's attack.
The gnoll hits you from afar with a +0 halberd.
* * * LOW HITPOINT WARNING * * *
The gnoll barely misses you. The gnoll hits you with a +0 whip.
You die...

. .. ####### ...
#.....# ....
#....)#
.....######.....#
........g...))..#
.......@gg...).)#
.......g.g......#
................#
................#
................#
#############'##.
... .. #.. ...


You could see 5 gnolls.

Vanquished Creatures
  Pikel (D:4)
  Edmund (D:4)
  An ogre (D:5)
  A phantom (D:5)
  2 hounds
  A gnoll bouda (D:5)
  An orc priest (D:3)
  2 iguanas (D:5)
  Natasha (twice) (D:4)
  3 orc wizards
  2 adders (D:4)
  6 gnolls
  An ufetubus (D:5)
  6 dart slugs
  9 orcs
  4 ball pythons
  4 bats
  15 endoplasms
  2 giant cockroaches
  7 goblins
  11 hobgoblins
  4 jackals (D:1)
  2 quokkas
  2 frilled lizards
  7 kobolds
  2 rats (D:1)
99 creatures vanquished.

Notes
Turn   | Place    | Note
-------+----------+-------------------------------------------
     0 | D:1      | arthad the Gargoyle Fighter began the quest for the Orb.
     0 | D:1      | Reached XP level 1. HP: 14/14 MP: 1/1
    87 | D:1      | Reached XP level 2. HP: 18/19 MP: 2/2
    90 | D:1      | Found Xer Qyr's Armour Boutique.
   124 | D:1      | Found a faded altar of an unknown god.
   383 | D:1      | Reached XP level 3. HP: 20/24 MP: 3/3
  1244 | D:2      | Reached skill level 4 in Fighting
  1245 | D:2      | Reached XP level 4. HP: 15/29 MP: 4/4
  1905 | D:3      | Found a radiant altar of Vehumet.
  1910 | D:3      | Reached XP level 5. HP: 33/34 MP: 5/5
  2543 | D:3      | Found a shadowy altar of Dithmenos.
  2714 | D:4      | Reached XP level 6. HP: 40/40 MP: 6/6
  2763 | D:4      | Found a stormy altar of Qazlal.
  2841 | D:4      | Noticed Natasha
  2847 | D:4      | Killed Natasha
  2911 | D:4      | Reached skill level 5 in Fighting
  3042 | D:4      | Noticed Edmund
  3054 | D:4      | Killed Edmund
  3138 | D:4      | Found a staircase to the Ecumenical Temple.
  3141 | D:4      | Found Iskot's Magic Scroll Shop.
  3159 | D:4      | Bought a scroll of teleportation for 33 gold pieces
  3337 | D:4      | Noticed Pikel
  3367 | D:4      | Killed Pikel
  3368 | D:4      | Reached skill level 6 in Fighting
  3368 | D:4      | Reached skill level 5 in Maces & Flails
  3368 | D:4      | Reached skill level 5 in Armour
  3368 | D:4      | Reached skill level 5 in Shields
  3368 | D:4      | Reached XP level 7. HP: 11/47 MP: 7/7
  3389 | Temple   | Entered the Ecumenical Temple
  3552 | Temple   | Became a worshipper of Cheibriados the Contemplative
  3640 | D:4      | Noticed Natasha
  3650 | D:4      | Killed Natasha
  3651 | D:4      | Reached XP level 8. HP: 52/52 MP: 8/8
  3750 | D:5      | Entered Level 5 of the Dungeon
  3813 | D:5      | Noticed Blork the orc
  3869 | D:5      | Reached skill level 7 in Fighting
  3906 | D:5      | HP: 1/53 [gnoll/+0 halberd[a gnoll bouda] (3)]
  3906 | D:5      | Slain by a gnoll

Illustrated notes

Levels and vault maps discovered:
D:1:      heliophobic_arrival_battle_scene, layout_loops_ring, serial_shops,
          nicolae_shop_peninsula, hellmonk_ecumenical_altar_blasted,
          hangedman_decor_push, chequers_serial_rivers_micro_d
D:2:      layout_loops_ring, minmay_misc_feat_encased, palyth_stone_intersect
D:3:      minmay_spotlight, layout_loops_ring, nicolae_vehumet_altar_sigil,
          mainiacjoe_overflow_tiny_flanked
D:4:      layout_basic, nicolae_qazlal_eye_of_the_storm,
          minmay_temple_entry_drinking_statues, serial_shops, shop,
          kennysheep_generic_room_13, uniq_natasha, uniq_edmund, uniq_pikel
D:5:      layout_gridville, nicolae_ru_the_path_less_chosen, st_stairs_7,
          minmay_fractal_squares_5, uniq_blork_the_orc, uniq_eustachio
Temple:   nicolae_temple_ecumenical_triangle

Skill      XL: |  1  2  3  4  5  6  7  8 |
---------------+-------------------------+-----
Fighting       | 4 6 7 |  7.0
Maces & Flails | 3 5 |  5.9
Armour         | 4 5 |  5.5
Shields        | 4 5 |  5.4

Action                     |  1- 3 |  4- 6 |  7- 9 || total
---------------------------+-------+-------+-------++-------
  Melee: Flail             |   133 |   157 |    55 ||   345
  Evoke: Wand              |       |     4 |       ||     4
    Use: Potion            |       |     3 |     6 ||     9
         Scroll            |       |       |     2 ||     2
 Armour: Scale mail        |    86 |    71 |    38 ||   195
  Dodge: Dodged            |    78 |    61 |    40 ||   179
  Block: Buckler           |    22 |    37 |    24 ||    83
